Map: Miner Evacuation

Players

NamroodTuo

  • Race: Zerg Zerg

thoblerone

  • Race: Terran Terran

VOD

Have the link to the VOD?

Description

Time

  • Played on: March 11, 2023, 4:45 p.m.
  • Length: 28:29
Show
View Real Time Build Order
Export as new Build Order

NamroodTuo Zerg 

Build Orders:  

Get SALT Encoding   

  12  0:04  Infested SCV  
  13  0:19  Overlord  
  13  0:26  Infested SCV  
  14  0:31  Infested SCV  
  15  0:42  Overlord  
  15  0:49  Infested SCV  
  16  1:06  Infested SCV  
  17  1:13  Infested Refinery  
  17  1:21  Infested SCV  
  18  1:30  Infested Barracks  
  18  1:34  Infested Refinery  
  18  1:38  Infested SCV  
  19  1:56  Infested SCV  
  19  1:57  Infested Engineering Bay  
  20  2:09  Infested SCV  
  21  2:27  Infested SCV  
  22  2:37  Infested Factory  
  22  2:49  Infested SCV  
  23  2:58  Infested SCV  
  24  3:39  Infested Factory  
  24  3:40  Infested SCV  
  24  3:41  Infested SCV  
  24  3:49  Infested Armory  
  26  4:14  Infested Diamondback  
  29  4:20  Overlord  
  29  4:21  Overlord  
  29  4:22  Overlord  
  29  5:01  Infested Diamondback  
  29  5:02  Infested Diamondback  
  35  5:18  Infested Factory, Infested Factory Tech Lab  
  35  5:22  Infested Factory, Infested Factory Tech Lab  
  35  5:28  Infested SCV  
  35  5:29  Infested SCV x2  
  35  5:30  Infested SCV  
  36  5:58  Infested Siege Tank  
  36  5:59  Infested Siege Tank x2  
  42  6:18  Infested SCV  
  42  6:19  Infested SCV x2  
  42  6:26  Overlord  
  42  7:03  Stukov Vehicle and Ship Armor Level 1  
  42  7:12  Infested Bunker  
  42  7:16  Automated Mitosis  
  46  7:22  Saturated Cultures  
  46  7:58  Infested Command Center  
  46  8:02  Infested Marine  
  46  8:03  Infested Marine x5  
  46  8:08  Overlord  
  52  8:23  Caustic Mucus  
  52  8:32  Overlord  
  52  9:01  Acidic Enzymes  
  52  9:07  Aggressive Incubation  
  52  9:09  Overlord  
  46  9:43  Stukov Vehicle and Ship Weapons Level 1  
  46  9:51  Infested Siege Tank, Infested Diamondback  
  46  9:52  Infested Siege Tank  
  55  10:08  Infested SCV x2  
  57  10:10  Infested SCV x2  
  57  10:11  Infested SCV  
  60  10:23  Infested Missile Turret  
  60  10:36  Infested SCV  
  61  10:57  Infested Missile Turret  
  61  11:11  Overlord  
  61  11:13  Overlord  
  61  11:14  Infested SCV  
  62  11:26  Infested Bunker  
  66  11:38  Infested Refinery  
  66  11:41  Infested Refinery  
  66  11:42  Infested Siege Tank, Infested Diamondback  
  72  12:06  Infested Siege Tank, Infested Diamondback  
  72  12:09  Unknown  
  78  12:23  Stukov Vehicle and Ship Armor Level 2  
  78  12:25  Infested Diamondback  
  78  12:26  Infested Diamondback  
  84  12:34  Infested SCV x2  
  86  12:48  Infested SCV x3  
  89  13:03  Infested Siege Tank  
  89  13:04  Infested Diamondback  
  89  13:09  Overseer x2  
  95  14:03  Infested Siege Tank  
  95  14:04  Infested Siege Tank, Infested Diamondback x2  
  107  14:14  Regenerative Plating  
  107  14:50  Infested Siege Tank  
  107  14:51  Infested Siege Tank, Infested Diamondback  
  107  14:58  Overlord x2  
  107  14:59  Overlord x4  
  116  15:14  Calcified Armor  
  116  15:33  Stukov Vehicle and Ship Weapons Level 2  
  116  15:41  Infested Diamondback x3  
  116  15:42  Infested Diamondback  
  116  15:43  Overlord  
  128  17:11  Infested Diamondback  
  128  17:12  Infested Diamondback x2  
  128  17:13  Infested Siege Tank, Infested Diamondback  
  128  17:14  Infested Diamondback  
  128  17:15  Overlord x2  
  128  17:16  Overlord x3  
  128  17:17  Overlord, Infested SCV  
  128  17:18  Infested SCV  
  148  17:39  Infested SCV  
  149  17:51  Overseer  
  149  17:52  Overseer x3  
  149  18:42  Stukov Vehicle and Ship Armor Level 3  
  149  18:53  Infested Diamondback x4  
  149  18:54  Infested Diamondback x4  
  149  18:55  Infested Diamondback  
  176  19:28  Infested SCV x3  
  176  19:29  Infested SCV x2  
  181  19:38  Infested Bunker  
  189  19:53  Infested SCV  
  190  20:28  Infested Bunker  
  190  21:58  Infested Diamondback x3  
  199  22:04  Overlord x3  
  199  22:05  Overlord x2  
  199  22:15  Stukov Infantry Armor Level 1  
  199  22:22  Stukov Vehicle and Ship Weapons Level 3  
  199  24:54  Stukov Infantry Weapons Level 1  
  199  26:27  Overlord x4  
  199  26:28  Overlord  
  199  26:32  Overlord x3  
  199  26:33  Overlord x2  
  187  28:00  Infested Diamondback  
  187  28:01  Infested Diamondback x3  
Show
View Real Time Build Order
Export as new Build Order

thoblerone Terran 

Build Orders:  

Get SALT Encoding   

  12  0:05  Starport Tech Lab  
  12  0:09  SCV  
  13  0:26  SCV  
  15  0:42  Supply Depot  
  15  0:43  SCV  
  15  0:59  Assault Galleon  
  15  1:17  SCV  
  16  1:20  Refinery  
  17  1:34  SCV, Assault Galleon  
  18  1:51  SCV  
  18  2:02  Assault Galleon  
  18  2:29  SCV  
  19  2:41  Engineering Bay  
  19  2:46  SCV  
  20  3:02  Assault Galleon  
  20  3:07  SCV  
  20  3:09  Refinery  
  22  3:24  SCV  
  22  3:55  Armory  
  22  4:10  Assault Galleon  
  22  4:13  Hellion x3  
  28  4:29  SCV  
  25  4:46  SCV  
  26  4:58  Hellion  
  26  4:59  Hellion  
  30  5:09  Supply Depot  
  30  5:13  Supply Depot  
  30  5:33  Hellion  
  30  5:39  Hellion x2  
  34  5:49  Hellion  
  38  5:51  Strike Fighter Platform  
  38  5:58  Strike Fighter Platform  
  40  6:04  Horner Weapons Level 1  
  30  6:30  Fusion Core  
  28  6:49  Hellion x4  
  34  7:38  Command Center  
  34  7:45  SCV  
  35  7:50  Tar Bombs  
  36  8:02  SCV  
  36  8:19  SCV  
  37  8:36  SCV  
  38  8:48  Napalm Payload  
  39  8:53  SCV  
  43  9:02  Strike Fighter Platform  
  44  9:10  SCV  
  44  9:25  SCV  
  44  9:27  SCV  
  46  9:34  Hellion x4, Strike Fighter Platform  
  56  9:42  SCV  
  56  9:44  SCV  
  59  9:59  SCV  
  61  10:01  SCV  
  61  10:05  Drone Hangar, Refinery  
  61  10:16  SCV  
  61  10:18  SCV  
  68  10:33  SCV  
  68  10:34  SCV, Drone Hangar  
  69  10:50  SCV  
  69  10:57  Hellion x2  
  76  11:12  Drone Hangar  
  76  11:14  Horner Armor Level 1  
  78  11:21  Strike Fighter Platform  
  78  12:51  Supply Depot  
  78  12:55  Overcharged Reactor  
  78  12:58  Aerosol Stim Emitters  
  78  13:21  Widow Mine x2  
  78  13:26  SCV x2  
  87  13:39  Drone Hangar  
  89  13:40  Executioner Missiles  
  89  13:43  SCV x2  
  92  13:55  Refinery  
  92  13:59  Drone Hangar  
  94  14:00  SCV x2  
  94  14:26  SCV x2  
  96  14:46  SCV  
  97  14:50  Supply Depot  
  97  15:06  Supply Depot  
  97  15:22  Hellbat  
  97  15:25  SCV  
  100  15:37  Theia Raven  
  102  15:53  Hellion x3  
  102  15:54  Widow Mine  
  102  15:55  Widow Mine  
  110  16:45  Asteria Wraith  
  118  17:34  Widow Mine  
  118  17:35  Widow Mine x2  
  124  17:53  Armory  
  124  17:56  Supply Depot  
  124  17:58  Supply Depot  
  124  18:23  Black Market Launchers  
  124  18:42  Horner Weapons Level 2  
  116  19:11  Asteria Wraith  
  124  19:23  Trigger Override  
  126  19:32  Strike Fighter Platform  
  126  19:40  Supply Depot  
  126  20:12  Supply Depot  
  126  20:26  Unregistered Cloak System  
  126  20:45  Hellion x4  
  126  20:47  Hellion  
  136  21:19  Hellion  
  146  21:21  Hellion  
  146  21:22  Hellion  
  146  21:29  Tactical Jump  
  146  21:31  Hellion  
  146  21:32  Hellion  
  146  21:41  Hellion  
  146  21:42  Hellion  
  150  21:51  Widow Mine x4  
  158  22:03  Sovereign Battlecruiser  
  169  22:23  SCV  
  170  22:32  SCV, Multi-Threaded Sensors  
  171  22:40  SCV  
  171  22:49  SCV  
  172  22:57  SCV  
  173  23:06  SCV  
  169  23:23  SCV  
  169  23:27  Asteria Wraith  
  155  23:32  Hellion x5  
  137  24:57  Hellion x2  
  137  24:58  Hellion x3  
  147  25:29  Widow Mine x4  
  157  25:30  Widow Mine  
  157  26:13  Strike Fighter Platform  
  157  26:15  Strike Fighter Platform  
  157  26:37  Reaper x4  
  157  26:38  Reaper  
  151  27:38  Hellion x4  
  151  27:39  Hellion  
  161  27:44  Asteria Wraith x2  
Tags
 
Commander
HornerStukov
Matchup
Co-op
Replay Pack
Multiplayer
Add a new tag
Caveats
  • Supply blocks, unpowered buildings, or Contaminate may cause inaccurate times.
  • Supply counts are checked every 10 seconds.